[Event "ICC tourney 2219 (45 10)"]
[Site "Internet Chess Club"]
[Date "2020.12.19"]
[Round "1"]
[White "breaker90"]
[Black "TjkTiger"]
[Result "0-1"]
[ICCResult "White resigns"]
[WhiteElo "2112"]
[BlackElo "2602"]
[Opening "Sicilian: accelerated fianchetto, Maróczy bind, 6.Be3"]
[ECO "B38"]
[NIC "SI.43"]
[Time "10:04:41"]
[PlyCount "20"]
[TimeControl "2700+10"]

1. e4 c5 2. Nf3 g6 3. c4 Bg7 4. d4 cxd4 5. Nxd4 Nc6 6. Be3 Qb6 7. Nb3 Qd8
8. Qc2 a5 9. Nc3 a4 10. Nd4 Nxd4 { White resigns } 0-1

[Event "ICC tourney 2219 (45 10)"]
[Site "Internet Chess Club"]
[Date "2020.12.19"]
[Round "1"]
[White "Monkeybomb3605"]
[Black "mhebden"]
[Result "0-1"]
[ICCResult "White resigns"]
[WhiteElo "2047"]
[BlackElo "2503"]
[Opening "Ruy Lopez: closed defense"]
[ECO "C84"]
[NIC "RL.13"]
[Time "10:03:47"]
[PlyCount "64"]
[TimeControl "2700+10"]

1. e4 e5 2. Nf3 Nc6 3. Bb5 a6 4. Ba4 Nf6 5. O-O Be7 6. d3 b5 7. Bb3 d6 8.
a3 O-O 9. Nc3 Be6 10. Nd5 a5 11. Be3 a4 12. Ba2 Bxd5 13. exd5 Nb8 14. c4
bxc4 15. dxc4 Nbd7 16. Nd2 Qb8 17. b4 axb3 18. Bxb3 Ra5 19. Bc2 Qa8 20. a4
Nc5 21. Bxc5 Rxc5 22. Qe2 Nxd5 23. Bxh7+ Kxh7 24. cxd5 Qxd5 25. Ra3 g6 26.
Rh3+ Kg7 27. Qe3 Rh8 28. Rxh8 Kxh8 29. Rb1 Kg7 30. Ne4 Rc4 31. Nc3 Qc6 32.
Rb3 d5 { White resigns } 0-1

[Event "ICC tourney 2219 (45 10)"]
[Site "Internet Chess Club"]
[Date "2020.12.19"]
[Round "1"]
[White "HR2005"]
[Black "zuz1209"]
[Result "0-1"]
[ICCResult "White resigns"]
[WhiteElo "2001"]
[BlackElo "2228"]
[Opening "French: Steinitz, Boleslavsky variation"]
[ECO "C11"]
[NIC "FR.04"]
[Time "10:03:48"]
[PlyCount "84"]
[TimeControl "2700+10"]

1. e4 e6 2. d4 d5 3. Nc3 Nf6 4. e5 Nfd7 5. f4 c5 6. Nf3 Nc6 7. Be3 Be7 8.
Qd2 O-O 9. dxc5 Bxc5 10. O-O-O Qa5 11. a3 Rb8 12. Bxc5 Nxc5 13. Qe3 a6 14.
g4 Na4 15. b4 Qb6 16. Qxb6 Nxb6 17. Bd3 Bd7 18. h4 Rbc8 19. Kb2 a5 20. b5
Ne7 21. Nd4 Rc7 22. Nce2 Na4+ 23. Kb1 Nc5 24. Rhf1 f6 25. exf6 gxf6 26. g5
fxg5 27. fxg5 Rxf1 28. Rxf1 Nxd3 29. cxd3 e5 30. b6 Rc5 31. Nb3 Rb5 32. Kc2
Rxb6 33. Nxa5 Ba4+ 34. Kc3 Rb5 35. Nxb7 Rxb7 36. Rf6 Rb3+ 37. Kd2 Rxa3 38.
Re6 Ng6 39. h5 Nf4 40. Rxe5 Rxd3+ 41. Kc1 Rd1+ 42. Kb2 Nd3+ { White resigns
} 0-1

[Event "ICC tourney 2219 (45 10)"]
[Site "Internet Chess Club"]
[Date "2020.12.19"]
[Round "1"]
[White "xiaoqixia"]
[Black "Volkov"]
[Result "0-1"]
[ICCResult "White resigns"]
[WhiteElo "2174"]
[BlackElo "2607"]
[Opening "French: Tarrasch, closed variation, main line"]
[ECO "C06"]
[NIC "FR.17"]
[Time "10:03:51"]
[PlyCount "84"]
[TimeControl "2700+10"]

1. e4 e6 2. d4 d5 3. Nd2 Nf6 4. e5 Nfd7 5. Bd3 c5 6. c3 Nc6 7. Ne2 cxd4 8.
cxd4 f6 9. Nf4 Nxd4 10. Qh5+ Ke7 11. Ng6+ hxg6 12. exf6+ Nxf6 13. Qxh8 Kf7
14. Qh4 e5 15. Nf3 Nxf3+ 16. gxf3 Bf5 17. Bxf5 gxf5 18. Bg5 d4 19. Rc1 Bd6
20. Kf1 g6 21. Kg2 Qh8 22. Qxh8 Rxh8 23. Rcd1 Nd5 24. f4 Be7 25. h4 Bxg5
26. fxg5 Ke6 27. Kg3 Nf4 28. Rhe1 Kd5 29. f3 d3 30. Rd2 Kd4 31. Rh2 Nh5+
32. Kh3 Rc8 33. Rd2 Rc2 34. Red1 Rxd2 35. Rxd2 Ke3 36. Rd1 Ke2 37. Rh1 d2
38. Rh2+ Kd3 39. Rh1 Kc2 40. Rh2 Kc1 41. Rh1+ d1=Q 42. Rxd1+ Kxd1 { White
resigns } 0-1

[Event "ICC tourney 2219 (45 10)"]
[Site "Internet Chess Club"]
[Date "2020.12.19"]
[Round "1"]
[White "Pifischer"]
[Black "PawnEatingZombi"]
[Result "0-1"]
[ICCResult "White resigns"]
[WhiteElo "1976"]
[BlackElo "2197"]
[Opening "Caro-Kann: advance variation"]
[ECO "B12"]
[NIC "CK.04"]
[Time "10:03:46"]
[PlyCount "96"]
[TimeControl "2700+10"]

1. e4 c6 2. d4 d5 3. e5 Bf5 4. Nf3 e6 5. Be2 Ne7 6. O-O Nc8 7. Be3 a5 8. a4
Be7 9. Nbd2 O-O 10. Nb3 Nd7 11. h3 Ncb6 12. Nfd2 f6 13. f4 fxe5 14. dxe5 c5
15. c3 g5 16. Qe1 gxf4 17. Bxf4 Kh8 18. Kh2 Qc7 19. Bb5 c4 20. Bxd7 Qxd7
21. Nd4 Nxa4 22. Bh6 Rf7 23. Qc1 Nc5 24. N2f3 Bd3 25. Re1 Ne4 26. Qe3 a4
27. Red1 Rg8 28. Rxd3 cxd3 29. Qxd3 Rg6 30. Be3 Rfg7 31. Rg1 Bd8 32. Ne2
Rg8 33. Nf4 R6g7 34. Nd4 Nc5 35. Qe2 Bc7 36. Bc1 Qe8 37. Nh5 Rf7 38. Kh1
Ne4 39. Nf3 Rf5 40. Nf6 Rxf6 41. Qe3 Rfg6 42. Qf4 Rf8 43. Qe3 Qf7 44. Kh2
Qg7 45. Qe2 Bxe5+ 46. Nxe5 Qxe5+ 47. g3 Rf2+ 48. Qxf2 Nxf2 { White resigns
} 0-1

[Event "ICC tourney 2219 (45 10)"]
[Site "Internet Chess Club"]
[Date "2020.12.19"]
[Round "1"]
[White "marble"]
[Black "rjc64uk"]
[Result "1-0"]
[ICCResult "Black resigns"]
[WhiteElo "2537"]
[BlackElo "2100"]
[Opening "Sicilian: Nimzovich-Rubinstein variation"]
[ECO "B29"]
[NIC "SI.43"]
[Time "10:03:46"]
[PlyCount "155"]
[TimeControl "2700+10"]

1. e4 c5 2. Nf3 Nf6 3. e5 Nd5 4. g3 Nc6 5. Bg2 d6 6. exd6 Qxd6 7. O-O e5 8.
Na3 f6 9. Nc4 Qd8 10. c3 Nc7 11. d4 cxd4 12. cxd4 exd4 13. Re1+ Be7 14. Qb3
Ne6 15. Bd2 Nc5 16. Qc2 a5 17. Nxa5 Rxa5 18. b4 Ra8 19. Qxc5 O-O 20. Qc4+
Kh8 21. b5 Ne5 22. Nxe5 fxe5 23. Rxe5 Bf6 24. Ree1 d3 25. Rad1 Qd4 26. Qxd4
Bxd4 27. Be3 Bc3 28. Rf1 Rd8 29. Bd2 Bf6 30. Be4 Rxa2 31. Rfe1 Bg4 32. f3
Bd4+ 33. Kh1 Bh3 34. Bxd3 Rxd2 35. Rxd2 Bc3 36. Rde2 Bxe1 37. Rxe1 g6 38.
Re3 Kg7 39. Kg1 Kf6 40. Kf2 h5 41. Be2 Be6 42. h4 Rd2 43. Ke1 Rb2 44. Rc3
Bd7 45. Rc5 b6 46. Rd5 Ke6 47. Rg5 Kf6 48. Bd3 Be8 49. Kd1 Bf7 50. Kc1 Rf2
51. Be4 Re2 52. Bc2 Rf2 53. f4 Rg2 54. Kb2 Rf2 55. Kc3 Rf3+ 56. Kd4 Rf2 57.
Bd3 Rd2 58. Ke3 Rb2 59. f5 gxf5 60. Rxf5+ Kg7 61. Rg5+ Kf6 62. Kd4 Rd2 63.
Kc3 Rf2 64. Kd4 Rd2 65. Ke3 Rb2 66. Be2 Rb3+ 67. Kd4 Rb4+ 68. Kc3 Rb3+ 69.
Kc2 Re3 70. Bxh5 Bxh5 71. Rxh5 Rxg3 72. Rh6+ Kf5 73. Rxb6 Rh3 74. Rh6 Re3
75. b6 Re7 76. Kc3 Ke5 77. Kc4 Rg7 78. Kc5 { Black resigns } 1-0

[Event "ICC tourney 2219 (45 10)"]
[Site "Internet Chess Club"]
[Date "2020.12.19"]
[Round "1"]
[White "Chessking2008"]
[Black "RG2017"]
[Result "1-0"]
[ICCResult "Black resigns"]
[WhiteElo "2197"]
[BlackElo "1989"]
[Opening "QGD: semi-Slav"]
[ECO "D31"]
[NIC "SL.06"]
[Time "10:03:52"]
[PlyCount "141"]
[TimeControl "2700+10"]

1. d4 d5 2. c4 e6 3. Nc3 c6 4. cxd5 exd5 5. Nf3 Bd6 6. Qc2 Ne7 7. Bg5 f6 8.
Bh4 Bf5 9. Qb3 Qb6 10. e3 O-O 11. Be2 Nd7 12. O-O Rfe8 13. Bg3 Bxg3 14.
hxg3 Nc8 15. Nd2 a5 16. Rfc1 Nd6 17. Na4 Qxb3 18. Nxb3 Kf8 19. Nac5 Ke7 20.
g4 Be4 21. Nxd7 Kxd7 22. Nc5+ Kc7 23. b3 Re7 24. Rc3 g5 25. Rac1 Rc8 26. a3
Bg6 27. b4 axb4 28. axb4 Ne4 29. Nxe4 Bxe4 30. b5 Kd6 31. Rc5 Rec7 32. b6
Re7 33. Ra1 Ree8 34. Ra7 Rb8 35. Kh2 Bg6 36. Kg3 Rh8 37. Rca5 Rhe8 38. Bd1
Rf8 39. Rc5 Rfe8 40. Rc3 Rh8 41. Rca3 Rhe8 42. f3 Rh8 43. Be2 Rhe8 44. Kf2
Kd7 45. Ba6 Kc8 46. Rc3 Re6 47. Be2 Kd7 48. Rca3 Ree8 49. g3 Kd6 50. f4 Rh8
51. Ra1 h6 52. Rh1 Rh7 53. Bf3 Rhh8 54. Raa1 Rh7 55. Rh2 Re8 56. Ke2 Reh8
57. f5 Bf7 58. Kd3 Re8 59. Ra7 Rb8 60. Bd1 Rhh8 61. Bf3 Rh7 62. Ra5 Re8 63.
Rh1 Rhh8 64. Ra7 Rb8 65. Kd2 Rh7 66. Be2 Kd7 67. Rha1 Rhh8 68. Ba6 Kc8 69.
Bxb7+ Rxb7 70. Ra8+ Rb8 71. R1a7 { Black resigns } 1-0

[Event "ICC tourney 2219 (45 10)"]
[Site "Internet Chess Club"]
[Date "2020.12.19"]
[Round "1"]
[White "phoenix10q72"]
[Black "KnightHopper"]
[Result "1-0"]
[ICCResult "Black forfeits on time"]
[WhiteElo "2264"]
[BlackElo "2039"]
[Opening "Scandinavian defense"]
[ECO "B01"]
[NIC "SD.03"]
[Time "10:03:47"]
[PlyCount "83"]
[TimeControl "2700+10"]

1. e4 d5 2. exd5 Nf6 3. d4 Bg4 4. f3 Bf5 5. Bb5+ Nbd7 6. c4 a6 7. Ba4 b5 8.
cxb5 Nxd5 9. Nc3 Nb4 10. Ne4 e5 11. Ne2 exd4 12. N2g3 Be6 13. a3 axb5 14.
Bxb5 c6 15. Bd2 Qa5 16. Bxc6 Nd3+ 17. Kf1 Qa6 18. Bxd7+ Bxd7 19. Kg1 Nxb2
20. Qb3 Nc4 21. Bb4 Rb8 22. Re1 Be6 23. Ng5 Bxb4 24. axb4 O-O 25. Qd3 g6
26. h4 Qd6 27. N3e4 Qxb4 28. Kf2 Ne5 29. Qd1 Bb3 30. Qb1 f6 31. Nxf6+ Rxf6
32. Rxe5 Qd2+ 33. Kg1 d3 34. Qa1 Rc8 35. Kh2 Rc2 36. Re8+ Kg7 37. Rg1 Qf4+
38. Kh3 Qf5+ 39. g4 Qf4 40. Rg3 d2 41. Re7+ Kf8 42. Rd7 { Black forfeits on
time } 1-0

[Event "ICC tourney 2219 (45 10)"]
[Site "Internet Chess Club"]
[Date "2020.12.19"]
[Round "1"]
[White "Openyagami"]
[Black "StayCalm"]
[Result "0-1"]
[ICCResult "White resigns"]
[WhiteElo "2604"]
[BlackElo "2170"]
[Opening "King's Indian: Makagonov system (5.h3)"]
[ECO "E71"]
[NIC "KI.30"]
[Time "10:03:49"]
[PlyCount "130"]
[TimeControl "2700+10"]

1. d4 Nf6 2. c4 g6 3. Nc3 Bg7 4. e4 d6 5. h3 O-O 6. Be3 e5 7. d5 Na6 8. Nf3
Nc5 9. Nd2 a5 10. Be2 Bd7 11. b3 Ne8 12. g4 f5 13. gxf5 gxf5 14. Rg1 Kh8
15. Qc2 Na6 16. exf5 Bxf5 17. Nde4 Qh4 18. Bg4 Bh6 19. Bxf5 Bxe3 20. Rg4
Qh6 21. fxe3 Qxe3+ 22. Qe2 Qxe2+ 23. Kxe2 Rxf5 24. Rag1 Nf6 25. Nxf6 Rxf6
26. Ne4 Rf4 27. Rxf4 exf4 28. Ng5 Rf8 29. Ne6 Rf7 30. Kf3 Nb4 31. Nd8 Rf8
32. Nxb7 Nd3 33. Rd1 Ne5+ 34. Kf2 f3 35. Nxa5 Rg8 36. Nc6 Rg2+ 37. Kf1 Rh2
38. Kg1 Rg2+ 39. Kh1 Ng6 40. Nd4 Rg3 41. Rf1 Rxh3+ 42. Kg1 Ne5 43. a4 Rg3+
44. Kf2 Rg2+ 45. Ke3 Rb2 46. Kf4 f2 47. a5 Ra2 48. Kf5 h5 49. Kf4 Ng4 50.
Nf3 Rxa5 51. Ng5 Ra2 52. Nh3 Rb2 53. Kg5 Re2 54. Ra1 Kg7 55. Nxf2 Re5+ 56.
Kh4 Nxf2 57. Ra7 Kg6 58. Kg3 Ne4+ 59. Kf4 Re7 60. b4 Nf6 61. Kf3 h4 62. b5
Rh7 63. Kg2 h3+ 64. Kh1 h2 65. c5 Ne4 { White resigns } 0-1

[Event "ICC tourney 2219 (45 10)"]
[Site "Internet Chess Club"]
[Date "2020.12.19"]
[Round "1"]
[White "MrNormalName"]
[Black "Leolix"]
[Result "0-1"]
[ICCResult "White resigns"]
[WhiteElo "2181"]
[BlackElo "1947"]
[Opening "QGD semi-Slav: Stoltz variation"]
[ECO "D45"]
[NIC "SL.08"]
[Time "10:04:01"]
[PlyCount "168"]
[TimeControl "2700+10"]

1. d4 d5 2. c4 c6 3. Nc3 Nf6 4. e3 e6 5. Nf3 Nbd7 6. Qc2 Bd6 7. Be2 O-O 8.
O-O dxc4 9. Bxc4 b5 10. Be2 Bb7 11. e4 e5 12. dxe5 Nxe5 13. Nd4 Neg4 14. g3
Bxg3 15. hxg3 Qxd4 16. Qd1 Qxd1 17. Rxd1 Rfe8 18. f3 Ne5 19. Be3 a5 20. Kf2
a4 21. a3 Rad8 22. Bb6 Rd7 23. Ke3 Ng6 24. Rac1 h6 25. Bf1 Ne5 26. Kf2 Re6
27. Bd4 Re8 28. Bh3 Rdd8 29. Rc2 Nc4 30. Bf1 Na5 31. Bxf6 Rxd1 32. Nxd1
gxf6 33. Ne3 Bc8 34. Rd2 Be6 35. Ke1 Kf8 36. Rh2 Kg7 37. Bh3 c5 38. Bf1 Rb8
39. Rh5 Nb3 40. f4 b4 41. f5 Bd7 42. Ng4 Re8 43. Bd3 c4 44. Bb1 c3 45. bxc3
bxa3 46. e5 Bc6 47. Kf2 Rh8 48. Nxf6 Nc1 49. Rh4 a2 50. Rg4+ Kf8 51. Bxa2
Nxa2 52. Rc4 Be8 53. Rc8 Ke7 54. Rc7+ Kd8 55. Rc5 Nc1 56. Ra5 Nd3+ 57. Ke3
Ne1 58. Ra8+ Ke7 59. g4 Nc2+ 60. Kd2 Na3 61. Ra7+ Kf8 62. Nxe8 Nc4+ 63. Ke2
Nxe5 64. Rxa4 Nxg4 65. f6 h5 66. Ra8 Kg8 67. Nd6+ Kh7 68. Ra7 Kg6 69. Rxf7
Rd8 70. Rg7+ Kxf6 71. Rf7+ Kg6 72. Ra7 Rxd6 73. Kf3 Rd3+ 74. Kf4 Rxc3 75.
Ra6+ Nf6 76. Ra1 h4 77. Rg1+ Kh6 78. Kf5 Rf3+ 79. Ke6 h3 80. Ke5 h2 81. Re1
Ng4+ 82. Ke4 Re3+ 83. Rxe3 Nxe3 84. Kxe3 h1=Q { White resigns } 0-1

[Event "ICC tourney 2219 (45 10)"]
[Site "Internet Chess Club"]
[Date "2020.12.19"]
[Round "2"]
[White "Volkov"]
[Black "Chessking2008"]
[Result "1-0"]
[ICCResult "Black resigns"]
[WhiteElo "2607"]
[BlackElo "2197"]
[Opening "Benoni: Uhlmann variation"]
[ECO "A61"]
[NIC "BI.25"]
[Time "12:31:08"]
[PlyCount "107"]
[TimeControl "2700+10"]

1. d4 Nf6 2. c4 c5 3. d5 e6 4. Nc3 exd5 5. cxd5 d6 6. Nf3 g6 7. Bg5 Bg7 8.
Nd2 h6 9. Bh4 O-O 10. e4 Re8 11. Be2 a6 12. a4 Nbd7 13. O-O Qc7 14. h3 g5
15. Bg3 Ne5 16. a5 Nfd7 17. Qa4 Re7 18. Rfc1 Rb8 19. Ra2 b5 20. axb6 Rxb6
21. Qc2 Qb8 22. Nd1 Nf8 23. Rca1 Nfg6 24. Bxa6 Bxa6 25. Rxa6 Rxa6 26. Rxa6
Ra7 27. Rxa7 Qxa7 28. Ne3 Nf4 29. Ndc4 Qa1+ 30. Kh2 Ned3 31. Bxf4 Nxf4 32.
g3 Nxh3 33. Qd1 Qxd1 34. Nxd1 g4 35. f4 f5 36. exf5 Bf8 37. Kg2 Kf7 38. Nc3
Kf6 39. Ne3 h5 40. Ne4+ Ke7 41. b3 Bh6 42. f6+ Kf7 43. Nxd6+ Kxf6 44. Ne4+
Kf7 45. Nxc5 Nxf4+ 46. gxf4 Bxf4 47. Kf2 Ke7 48. Ne4 Be5 49. Nf5+ Kd7 50.
Ke3 Kc7 51. Kd3 Kb6 52. Kc4 h4 53. Nxh4 g3 54. Ng2 { Black resigns } 1-0

[Event "ICC tourney 2219 (45 10)"]
[Site "Internet Chess Club"]
[Date "2020.12.19"]
[Round "2"]
[White "TjkTiger"]
[Black "JQX2019"]
[Result "1-0"]
[ICCResult "Black resigns"]
[WhiteElo "2602"]
[BlackElo "1911"]
[Opening "English: Mikenas-Carls variation"]
[ECO "A18"]
[NIC "EO.57"]
[Time "12:31:49"]
[PlyCount "65"]
[TimeControl "2700+10"]

1. c4 Nf6 2. Nc3 e6 3. e4 d5 4. cxd5 exd5 5. e5 Ne4 6. Nf3 Bg4 7. Nxe4 dxe4
8. Qa4+ Bd7 9. Qxe4 Bc6 10. Qf4 Be7 11. Bc4 O-O 12. O-O b5 13. Bb3 Bb7 14.
d4 c5 15. dxc5 Bxc5 16. Ng5 Qe7 17. Qf5 g6 18. Qh3 h5 19. e6 f6 20. Nf7 Nc6
21. Qg3 Kh7 22. Qf4 g5 23. Qf5+ Kg7 24. Be3 Nd4 25. Bxd4 Bxd4 26. Rad1 Qb4
27. Bc2 Rg8 28. Nd6 Kf8 29. Qh7 Rg7 30. e7+ Kxe7 31. Nf5+ Ke8 32. Nxg7+ Kf8
33. Ne6+ { Black resigns } 1-0

[Event "ICC tourney 2219 (45 10)"]
[Site "Internet Chess Club"]
[Date "2020.12.19"]
[Round "2"]
[White "rjc64uk"]
[Black "HR2005"]
[Result "0-1"]
[ICCResult "White resigns"]
[WhiteElo "2100"]
[BlackElo "2001"]
[Opening "Sicilian: Najdorf, Opocensky variation"]
[ECO "B92"]
[NIC "SI.10"]
[Time "12:30:54"]
[PlyCount "124"]
[TimeControl "2700+10"]

1. e4 c5 2. Nf3 d6 3. d4 cxd4 4. Nxd4 Nf6 5. Nc3 a6 6. Be2 e5 7. Nf5 d5 8.
Bg5 d4 9. Bxf6 Qxf6 10. Nd5 Qd8 11. Bf3 Nc6 12. O-O g6 13. Ng3 Bg7 14. c4
O-O 15. Qb3 Rb8 16. Qb6 Be6 17. Rfc1 Bh6 18. Rd1 Bxd5 19. Qxd8 Rfxd8 20.
cxd5 Na5 21. Bg4 Nc4 22. Rab1 Nd6 23. Rd3 b5 24. h4 a5 25. f3 Be3+ 26. Kh2
Bf4 27. h5 gxh5 28. Bxh5 f5 29. Re1 Rb7 30. Kh3 fxe4 31. fxe4 Rg7 32. Nf1
Rc8 33. g3 Bh6 34. Bg4 Rc2 35. Rf3 Rgc7 36. Rf6 Bf8 37. Nh2 Be7 38. Be6+
Kg7 39. Rf3 Rxb2 40. Ng4 h5 41. Nxe5 Rcc2 42. Rh1 Nxe4 43. Rf7+ Kh6 44.
Ng4+ hxg4+ 45. Kxg4+ Kg6 46. Rhh7 Nf6+ 47. Rxf6+ Kxf6 48. Rf7+ Ke5 49. Rxe7
d3 50. Bf5+ Kd4 51. Bxd3 Kxd3 52. d6 Rd2 53. d7 Kc2 54. Kf5 Rxa2 55. g4 b4
56. Re2 Kb1 57. Re1+ Kc2 58. Re2 Kb3 59. Re3+ Kc4 60. Ke6 b3 61. Re4+ Kc5
62. g5 b2 { White resigns } 0-1

[Event "ICC tourney 2219 (45 10)"]
[Site "Internet Chess Club"]
[Date "2020.12.19"]
[Round "2"]
[White "mhebden"]
[Black "PawnEatingZombi"]
[Result "1-0"]
[ICCResult "Black resigns"]
[WhiteElo "2503"]
[BlackElo "2197"]
[Opening "Queen's pawn game"]
[ECO "D02"]
[NIC "QP.08"]
[Time "12:30:55"]
[PlyCount "83"]
[TimeControl "2700+10"]

1. d4 d5 2. Nf3 e6 3. c4 dxc4 4. e3 b5 5. a4 c6 6. Be2 Bb4+ 7. Nc3 Bb7 8.
O-O a6 9. Qc2 Nf6 10. Rd1 Nbd7 11. e4 O-O 12. e5 Nd5 13. Ng5 g6 14. Nge4
Be7 15. Bh6 Re8 16. Qd2 f6 17. exf6 N7xf6 18. Nxf6+ Nxf6 19. Qe3 Qd7 20.
Bf3 Nd5 21. Qe2 Nxc3 22. bxc3 Bf6 23. Rab1 Rad8 24. Be4 Qe7 25. Qf3 Rc8 26.
axb5 axb5 27. g3 Bg7 28. Be3 Rf8 29. Qg2 Ba8 30. h4 Qa3 31. Rbc1 c5 32.
dxc5 Bxc3 33. Bxa8 Rxa8 34. Qc6 Rae8 35. Qxb5 Bb2 36. Rxc4 Rd8 37. Rxd8
Rxd8 38. Qc6 Qa1+ 39. Kh2 Qf1 40. Qxe6+ Kh8 41. Rf4 Bg7 42. c6 { Black
resigns } 1-0

[Event "ICC tourney 2219 (45 10)"]
[Site "Internet Chess Club"]
[Date "2020.12.19"]
[Round "2"]
[White "Leolix"]
[Black "BranKing"]
[Result "0-1"]
[ICCResult "White resigns"]
[WhiteElo "1947"]
[BlackElo "2102"]
[Opening "Dutch"]
[ECO "A80"]
[NIC "HD.12"]
[Time "12:31:49"]
[PlyCount "68"]
[TimeControl "2700+10"]

1. d4 f5 2. Nf3 Nf6 3. c4 e6 4. Nc3 Bb4 5. Qb3 Bxc3+ 6. Qxc3 O-O 7. Bf4 b6
8. e3 Bb7 9. Be2 d6 10. O-O Ne4 11. Qc2 Nd7 12. Rfd1 Qe7 13. b4 e5 14. dxe5
dxe5 15. Bg3 f4 16. Rxd7 Qxd7 17. Nxe5 Qf5 18. Bxf4 g5 19. Ng4 Qg6 20. Bxc7
h5 21. f3 hxg4 22. fxe4 Qg7 23. e5 Qxc7 24. Bxg4 Qh7 25. Qc3 Qe4 26. Be6+
Kg7 27. Bh3 g4 28. e6+ Kg6 29. e7 Rf7 30. Qe1 gxh3 31. Qg3+ Kh7 32. Qxh3+
Kg8 33. Rd1 Qxe7 34. Rd4 Rg7 { White resigns } 0-1

[Event "ICC tourney 2219 (45 10)"]
[Site "Internet Chess Club"]
[Date "2020.12.19"]
[Round "2"]
[White "StayCalm"]
[Black "phoenix10q72"]
[Result "0-1"]
[ICCResult "White resigns"]
[WhiteElo "2170"]
[BlackElo "2264"]
[Opening "Benoni: Taimanov variation"]
[ECO "A67"]
[NIC "BI.33"]
[Time "12:31:14"]
[PlyCount "80"]
[TimeControl "2700+10"]

1. d4 Nf6 2. c4 c5 3. d5 e6 4. Nc3 exd5 5. cxd5 d6 6. e4 g6 7. f4 Bg7 8.
Bb5+ Nfd7 9. Nf3 a6 10. Bd3 b5 11. O-O O-O 12. a3 Nb6 13. f5 N8d7 14. Qe1
Ne5 15. Bc2 Ra7 16. Qg3 Nbc4 17. Rb1 Nxf3+ 18. gxf3 Nxa3 19. bxa3 Bxc3 20.
f4 Bd4+ 21. Kh1 Qf6 22. e5 dxe5 23. fxg6 fxg6 24. f5 Qg7 25. Qh4 Bxf5 26.
Bh6 Qf7 27. Be4 Qf6 28. Qe1 Rg7 29. Bg2 Qd6 30. Bxg7 Kxg7 31. Be4 Bxe4+ 32.
Qxe4 Rd8 33. a4 b4 34. Kg2 Qxd5 35. Qxd5 Rxd5 36. Kf3 a5 37. Ke4 Rd7 38.
Rbc1 b3 39. Rf3 b2 40. Rb1 c4 { White resigns } 0-1

[Event "ICC tourney 2219 (45 10)"]
[Site "Internet Chess Club"]
[Date "2020.12.19"]
[Round "2"]
[White "drberkley"]
[Black "Openyagami"]
[Result "1/2-1/2"]
[ICCResult "Game drawn by repetition"]
[WhiteElo "1943"]
[BlackElo "2604"]
[Opening "Sicilian: Grand Prix attack"]
[ECO "B23"]
[NIC "SI.44"]
[Time "12:31:06"]
[PlyCount "170"]
[TimeControl "2700+10"]

1. e4 c5 2. Nc3 Nc6 3. f4 g6 4. Nf3 Bg7 5. Bb5 Nd4 6. O-O Nxb5 7. Nxb5 d5
8. e5 d4 9. d3 a6 10. Na3 b5 11. c3 dxc3 12. bxc3 Bb7 13. Nc2 Nh6 14. d4
cxd4 15. Ncxd4 O-O 16. Bb2 Bd5 17. a3 Qb6 18. Kh1 Rad8 19. Qe1 Bc4 20. Rf2
f6 21. Rd2 fxe5 22. fxe5 Ng4 23. Qg3 Ne3 24. Rf2 Nf5 25. Qh3 h6 26. Re1 Be6
27. Nxe6 Qxf2 28. Nxf8 Rxf8 29. Bc1 Qc2 30. g4 Qxc3 31. gxf5 Rxf5 32. Rf1
a5 33. Kg2 b4 34. axb4 axb4 35. Bd2 Qc4 36. Qg3 Kh7 37. Qh4 Qxh4 38. Nxh4
Rxe5 39. Bxb4 Re4 40. Be1 g5 41. Nf5 Bf6 42. Ng3 Ra4 43. Bf2 Kg6 44. Re1 h5
45. Ne4 h4 46. Nxf6 exf6 47. h3 Ra2 48. Rd1 Kf5 49. Kf3 Ra3+ 50. Be3 Ke5
51. Rc1 f5 52. Rc5+ Kf6 53. Kf2 Ra2+ 54. Kf3 Ra3 55. Kf2 f4 56. Bd4+ Kg6
57. Kg2 Rg3+ 58. Kh2 f3 59. Rc1 Rg2+ 60. Kh1 Kf5 61. Rg1 Re2 62. Rg4 Re1+
63. Rg1 Re4 64. Bf2 Re2 65. Rf1 Kf4 66. Kg1 g4 67. hxg4 h3 68. Kh2 Kxg4 69.
Kh1 Rc2 70. Kh2 Ra2 71. Kh1 Kf4 72. Kh2 Ra8 73. Kxh3 Rh8+ 74. Bh4 Ke3 75.
Kg4 Rg8+ 76. Bg5+ Ke2 77. Ra1 f2 78. Ra2+ Kf1 79. Kf3 Kg1 80. Be3 Rf8+ 81.
Kg3 Rg8+ 82. Kf3 Rf8+ 83. Kg3 Rg8+ 84. Kf3 Rf8+ 85. Kg3 Rg8+ { Game drawn
by repetition } 1/2-1/2

[Event "ICC tourney 2219 (45 10)"]
[Site "Internet Chess Club"]
[Date "2020.12.19"]
[Round "2"]
[White "chessw23"]
[Black "Solidwrench2"]
[Result "1/2-1/2"]
[ICCResult "Game drawn by mutual agreement"]
[WhiteElo "1961"]
[BlackElo "1981"]
[Opening "Sicilian: Alapin's variation (2.c3)"]
[ECO "B22"]
[NIC "SI.47"]
[Time "12:31:20"]
[PlyCount "50"]
[TimeControl "2700+10"]

1. e4 c5 2. c3 Nf6 3. e5 Nd5 4. d4 cxd4 5. Nf3 e6 6. cxd4 Nc6 7. Bc4 d6 8.
O-O Be7 9. Qe2 O-O 10. Rd1 a6 11. Nc3 Nxc3 12. bxc3 b5 13. Bd3 Bb7 14. Qe4
g6 15. Qg4 dxe5 16. dxe5 Qc7 17. Bf4 Na5 18. Ng5 Rad8 19. Nxh7 Kxh7 20.
Qh5+ Kg8 21. Bxg6 fxg6 22. Qxg6+ Kh8 23. Qh6+ Kg8 24. Qg6+ Kh8 25. Qh6+ Kg8
{ Game drawn by mutual agreement } 1/2-1/2

[Event "ICC tourney 2219 (45 10)"]
[Site "Internet Chess Club"]
[Date "2020.12.19"]
[Round "2"]
[White "Monkeybomb3605"]
[Black "breaker90"]
[Result "1/2-1/2"]
[ICCResult "Game drawn by mutual agreement"]
[WhiteElo "2047"]
[BlackElo "2112"]
[Opening "Ruy Lopez: 5.O-O"]
[ECO "C78"]
[NIC "RL.12"]
[Time "12:31:49"]
[PlyCount "131"]
[TimeControl "2700+10"]

1. e4 e5 2. Nf3 Nc6 3. Bb5 a6 4. Ba4 Nf6 5. O-O b5 6. Bb3 Be7 7. d3 O-O 8.
Nc3 d6 9. a3 Na5 10. Ba2 c5 11. Bg5 h6 12. Bxf6 Bxf6 13. Nd5 Be6 14. b4 Nc6
15. c3 Rc8 16. Ne3 Bxa2 17. Rxa2 Ne7 18. Qb3 Qc7 19. Rc2 c4 20. dxc4 bxc4
21. Qa4 Qb7 22. Nd2 Bg5 23. Nexc4 Rfd8 24. Re1 d5 25. Nxe5 dxe4 26. Nec4
Nd5 27. Qb3 Nf4 28. h4 Nd3 29. Re2 Bxd2 30. Nxd2 Nf4 31. Rxe4 Nh3+ 32. gxh3
Rxd2 33. Rxd2 Qxe4 34. Rd4 Qf3 35. Qd1 Qxd1+ 36. Rxd1 Rxc3 37. Rd8+ Kh7 38.
a4 Rxh3 39. Rd4 Ra3 40. a5 Rb3 41. h5 g6 42. hxg6+ Kxg6 43. Rd6+ f6 44.
Rxa6 Rxb4 45. Ra8 Ra4 46. a6 Kf5 47. a7 Rg4+ 48. Kh2 Ra4 49. Kg2 Ra3 50.
Kh2 Ra6 51. Kg2 Ra2 52. Kg3 Ra3+ 53. Kg2 Kf4 54. Kh2 f5 55. Kg2 Ra2 56. Rh8
Rxa7 57. Rxh6 Rg7+ 58. Kf1 Kg4 59. Ke2 Re7+ 60. Kf1 f4 61. Rg6+ Kf3 62. Ra6
Rb7 63. Ra3+ Kg4 64. Kg2 Rb2 65. Rc3 Ra2 66. Rb3 { Game drawn by mutual
agreement } 1/2-1/2

[Event "ICC tourney 2219 (45 10)"]
[Site "Internet Chess Club"]
[Date "2020.12.19"]
[Round "2"]
[White "RG2017"]
[Black "xiaoqixia"]
[Result "0-1"]
[ICCResult "White checkmated"]
[WhiteElo "1989"]
[BlackElo "2174"]
[Opening "QGD: exchange, positional line"]
[ECO "D35"]
[NIC "QO.16"]
[Time "12:31:12"]
[PlyCount "82"]
[TimeControl "2700+10"]

1. d4 Nf6 2. c4 e6 3. Nc3 d5 4. cxd5 exd5 5. Bg5 Be7 6. e3 O-O 7. Qc2 Re8
8. Bd3 Nbd7 9. Nge2 Nf8 10. O-O c6 11. f3 h6 12. Bh4 Ne6 13. Rad1 g5 14.
Bg3 Nh5 15. Bf2 Bf6 16. g4 Nhg7 17. Kg2 b5 18. h3 Bb7 19. f4 Be7 20. f5 Nf8
21. Ng3 Nd7 22. e4 dxe4 23. Bxe4 Nf6 24. Bf3 Rc8 25. Nge4 Nd5 26. Nxd5 cxd5
27. Nc5 b4 28. Qb3 Bc6 29. Qxb4 Rb8 30. Qc3 Qb6 31. b3 Rbc8 32. Rfe1 Bf6
33. Rxe8+ Nxe8 34. Bg3 Nc7 35. a4 Na6 36. Nxa6 Qxa6 37. Qb4 Bb7 38. Be5
Rc2+ 39. Kg3 Bd8 40. Re1 Ba5 41. Qe7 Bxe1# { White checkmated } 0-1